Map: Submarino EE

Players

Aldarick - Winner!

  • Race: Terran Terran
  • League: Gold
  • Spawn Location: 5:00

MrFercho

  • Race: Zerg Zerg
  • League: Gold
  • Spawn Location: 11:00

VOD

Have the link to the VOD?

Description

Time

  • Played on: July 20, 2020, 11:25 p.m.
  • Length: 17:07
Show
View Real Time Build Order
Export as new Build Order

Aldarick Terran - Winner!

Build Orders: 2 Factory, Reaper Expand 

Get SALT Encoding   

  12  0:05  SCV  
  13  0:26  Supply Depot  
  13  0:27  SCV  
  14  0:39  SCV  
  15  0:50  Barracks  
  15  0:53  SCV  
  15  0:56  Refinery  
  16  1:07  SCV  
  17  1:19  SCV  
  18  1:31  SCV  
  19  1:41  Reaper  
  19  1:43  Orbital Command, Command Center  
  20  1:56  Refinery  
  20  2:11  SCV  
  20  2:15  Barracks Reactor  
  21  2:23  SCV  
  22  2:35  SCV  
  22  2:36  Factory  
  22  2:52  Marine  
  22  2:54  Marine  
  22  2:57  Supply Depot  
  24  2:58  SCV  
  24  3:00  Orbital Command  
  25  3:10  SCV, Marine  
  25  3:12  Marine  
  28  3:20  Factory  
  28  3:22  SCV  
  29  3:38  Barracks Reactor, Hellion x2  
  29  3:40  Armory  
  33  3:42  SCV  
  33  3:45  SCV  
  35  3:54  SCV  
  36  3:57  SCV  
  36  3:59  Hellion x2  
  41  4:03  Refinery  
  41  4:06  SCV  
  41  4:09  SCV, Starport  
  43  4:22  SCV  
  43  4:23  Barracks Tech Lab  
  44  4:29  Supply Depot  
  44  4:32  Refinery  
  44  4:38  Hellion  
  46  4:47  Factory  
  46  4:51  Hellion x3  
  46  4:52  Supply Depot  
  52  4:53  Terran Vehicle Weapons Level 1  
  52  4:55  Starport Reactor  
  52  4:59  Hellion  
  54  5:12  Hellion  
  54  5:14  SCV x2  
  58  5:26  SCV x2  
  60  5:31  Starport  
  60  5:38  SCV x2  
  60  5:41  Infernal Pre-Igniter  
  60  5:42  Barracks Tech Lab  
  62  5:44  Thor  
  62  5:49  Widow Mine  
  70  5:56  Supply Depot  
  70  6:11  SCV  
  69  6:12  Widow Mine  
  71  6:18  Widow Mine  
  71  6:24  Hellion x2  
  71  6:25  Medivac  
  77  6:30  Medivac  
  77  6:38  Supply Depot  
  77  6:41  Barracks Tech Lab  
  77  6:58  Hellion  
  77  6:59  Hellion  
  77  7:00  Hellion x2  
  79  7:02  Factory  
  60  8:02  Hellion  
  60  8:03  Hellion x4  
  67  8:24  Hellion x3, Thor  
  67  8:25  Hellion  
  67  8:42  Viking, Banshee  
  67  8:43  Viking  
  74  8:52  Supply Depot  
  74  8:56  Barracks Reactor  
  74  9:04  Hellion  
  74  9:05  Hellion x3  
  82  9:12  Medivac  
  82  9:13  Medivac, Thor  
  92  9:26  Hellion  
  92  9:29  Command Center  
  93  10:04  Hellion, Thor  
  93  10:05  Hellion, Thor  
  93  10:06  Hellion x2  
  113  10:07  Marine x2  
  115  10:14  Refinery  
  115  10:17  Refinery  
  115  10:25  Marine x2  
  117  10:33  Hyperflight Rotors  
  117  10:41  Hellion x4  
  117  10:42  Marine x2  
  125  10:46  Engineering Bay, Orbital Command  
  125  10:47  Thor  
  133  11:26  Marine x2  
  133  11:28  Viking  
  133  11:29  Hellion  
  133  11:30  SCV x2, Hellion  
  133  11:31  Thor  
  103  11:42  SCV x2  
  103  11:44  Marine x2  
  68  12:09  Hellion, Cyclone  
  68  12:10  Hellion x3  
  68  12:12  Raven  
  68  12:14  Cyclone  
  84  12:20  SCV x3  
  87  12:29  Missile Turret  
  87  12:31  Hellion  
  87  12:32  SCV x2  
  91  12:41  Cyclone  
  94  12:46  Cyclone  
  94  12:50  Hellion x3  
  103  12:52  Hellion  
  103  12:55  Raven, Medivac  
  103  12:56  Medivac  
  103  12:58  Missile Turret  
  111  13:11  Hellion  
  111  13:12  Hellion, Command Center  
  115  13:13  Cyclone  
  118  13:25  SCV x3, Liberator  
  118  13:26  Liberator  
  127  13:30  Missile Turret  
  127  13:37  SCV x2  
  127  13:40  Refinery  
  129  13:50  Supply Depot x2  
  129  13:53  Supply Depot  
  129  13:59  Hellion x2  
  133  14:06  Refinery  
  133  14:10  Missile Turret  
  133  14:11  Hellion, Marine x2, Liberator  
  133  14:12  Liberator  
  143  14:23  Planetary Fortress  
  143  14:29  Marine x2  
  145  14:32  Missile Turret  
  145  14:35  Thor x2  
  157  14:40  Banshee  
  160  14:47  Marine x2  
  160  14:52  SCV x3  
  165  14:53  Missile Turret  
  165  14:54  Liberator x2  
  171  15:04  SCV, Marine  
  171  15:06  Hellion  
  175  15:14  Supply Depot  
  175  15:18  Thor  
  178  15:38  Supply Depot  
Show
View Real Time Build Order
Export as new Build Order

MrFercho Zerg 

Build Orders: Hatch First 

Get SALT Encoding   

  12  0:01  Drone  
  13  0:16  Overlord  
  13  0:20  Drone  
  14  0:35  Drone x2  
  16  0:53  Hatchery, Drone  
  16  0:56  Drone  
  17  1:00  Drone  
  18  1:07  Extractor  
  17  1:17  Spawning Pool  
  16  1:19  Drone  
  16  1:22  Drone  
  18  1:32  Drone  
  19  1:47  Overlord  
  19  1:59  Drone  
  20  2:05  Queen  
  20  2:06  Queen  
  20  2:08  Zergling x4  
  26  2:23  Drone x2  
  26  2:27  Metabolic Boost  
  26  2:29  Drone x2  
  30  2:52  Drone x4  
  30  2:57  Lair  
  34  3:01  Drone x2  
  36  3:12  Overlord x2  
  36  3:42  Drone  
  36  3:43  Drone x2  
  36  3:47  Zergling x8  
  43  3:56  Overlord x2  
  43  3:58  Drone x4  
  47  4:03  Queen  
  49  4:17  Extractor  
  49  4:19  Extractor  
  47  4:29  Drone x3  
  47  4:30  Drone  
  47  4:31  Drone x2  
  53  4:34  Drone x5  
  58  4:48  Hatchery  
  57  4:54  Evolution Chamber  
  57  4:56  Zergling x8  
  57  4:58  Baneling Nest  
  59  5:13  Overlord x3  
  59  5:14  Hydralisk Den  
  58  5:33  Zerg Melee Weapons Level 1  
  58  5:42  Baneling x5  
  58  5:43  Zergling x12  
  58  5:44  Zergling x8  
  68  5:59  Centrifical Hooks  
  48  6:12  Zergling x2  
  48  6:13  Zergling x16  
  52  6:20  Hydralisk  
  52  6:21  Hydralisk x3  
  60  6:35  Extractor  
  60  6:38  Hatchery  
  58  6:40  Muscular Augments  
  58  6:41  Hydralisk x3  
  64  6:51  Pneumatized Carapace  
  55  7:04  Hydralisk x5  
  57  7:24  Overseer  
  53  7:50  Hydralisk x6  
  53  7:52  Grooved Spines  
  53  7:54  Zergling x6  
  54  8:01  Spore Crawler  
  54  8:05  Spine Crawler  
  52  8:06  Spine Crawler  
  52  8:07  Zergling x6  
  52  8:08  Zergling x2  
  52  8:13  Zergling x2  
  52  8:14  Zergling x8  
  48  8:27  Zergling x12  
  51  8:41  Drone  
  51  8:42  Drone x2  
  51  8:43  Queen  
  56  8:55  Baneling Nest  
  55  8:56  Lurker Den  
  54  9:04  Infestation Pit  
  54  9:06  Hydralisk x6  
  54  9:08  Overlord x3  
  54  9:09  Overlord  
  65  9:20  Zerg Missile Weapons Level 1  
  65  9:28  Queen  
  65  9:29  Zergling x6  
  70  9:51  Hydralisk x4  
  78  9:58  Drone x2  
  80  10:18  Lurker x2  
  82  10:32  Hatchery  
  81  10:36  Evolution Chamber  
  80  10:57  Hive  
  80  11:03  Drone x11  
  91  11:14  Baneling x7  
  91  11:15  Baneling x2  
  57  11:48  Hydralisk x6  
  58  11:55  Spine Crawler  
  57  12:14  Spore Crawler  
  57  12:15  Drone x9  
  65  12:24  Zerg Missile Weapons Level 2  
  65  12:26  Lurker  
  66  12:37  Adrenal Glands  
  66  12:48  Seismic Spines  
  66  12:51  Drone x2  
  67  12:57  Extractor  
  67  12:59  Extractor  
  66  13:06  Hydralisk x3  
  66  13:09  Overlord  
  72  13:19  Drone x6  
  78  13:35  Hatchery  
  78  13:41  Hatchery  
  78  13:44  Zergling x10  
  78  13:45  Adaptive Talons  
  82  14:06  Drone x2  
  82  14:07  Spire  
  82  14:09  Drone x3  
  86  14:10  Drone x2  
  86  14:12  Drone x2  
  86  14:13  Drone x5  
  95  14:33  Queen  
  97  14:45  Queen  
  99  14:46  Overlord x3  
  99  14:57  Drone  
  99  14:58  Drone x14  
  114  15:03  Queen, Extractor  
  114  15:06  Extractor  
  114  15:07  Hydralisk  
  114  15:09  Zergling x2  
  111  15:34  Hydralisk x3  
  111  15:35  Hydralisk x6  
  85  15:53  Greater Spire  
  85  15:56  Hydralisk x7  
  96  16:20  Hydralisk x2  
  96  16:21  Hydralisk x2  
  97  16:39  Hydralisk  
  69  16:40  Zergling x4  
  69  16:41  Zergling x16  
Tags
 
Add a new tag
Caveats
  • Supply blocks, unpowered buildings, or Contaminate may cause inaccurate times.
  • Supply counts are checked every 10 seconds.